 Dungeon Crawl Stone Soup version 0.27-a0-1140-g099f9bb0e8 (webtiles) character file.

Game seed: 10547202447547988148

1092 Ijustatesigmund the Chopper (level 8, -7/85 HPs)
             Began as an Octopode Fighter on May 10, 2021.
             Splashed by a jelly's acid (9 damage)
             ... on level 8 of the Dungeon.
             The game lasted 00:08:26 (3944 turns).

Ijustatesigmund the Chopper (Octopode Fighter)      Turns: 3944, Time: 00:08:27

Health: -7/85      AC: 24    Str: 16    XL:     8   Next: 31%
Magic:  8/8        EV:  2    Int: 11    God:
Gold:   154        SH: 16    Dex: 12    Spells: 7/7 levels left

rFire    + . .     SeeInvis .   a - +1 war axe
rCold    . . .     Faith    .   b - +2 kite shield
rNeg     + + +     Spirit   .   (helmet currently unavailable)
rPois    +         Reflect  +   e - amulet of reflection
rElec    .         Harm     .   i - ring of protection from fire
rCorr    .         Rampage  .   (no ring)
Will     .....     NoTele   +   (no ring)
Stlth    +.........             (no ring)
HPRegen  0.24/turn              (no ring)
MPRegen  0.11/turn              (no ring)
                                (no ring)
                                (no ring)

@: tree-form, hasted, very quick
A: stationary, stasis, torment immunity, boosted hp, almost no armour,
(amphibious), 8 rings, (camouflage 1), (gelatinous body 1), (nimble swimmer 1),
(tentacles)
a: no special abilities


You were on level 8 of the Dungeon.
You were a tree.
You visited 1 branch of the dungeon, and saw 6 of its levels.

You collected 154 gold pieces.

Inventory:

Hand Weapons
 a - a +1 war axe (weapon)
Missiles
 f - 2 atropa-tipped darts (quivered)
Armour
 b - a +2 kite shield (worn)
Jewellery
 e - an amulet of reflection (around neck)
 i - a ring of protection from fire (left branch)
Wands
 h - a wand of iceblast (10)
Potions
 c - a potion of flight
 k - a potion of curing {unknown}
 n - a potion of mutation {unknown}


   Skills:
 + Level 5.8 Fighting
 * Level 6.0 Axes
 - Level 5.0 Dodging
 - Level 5.0 Shields


You had 7 spell levels left.
You didn't know any spells.
Your spell library contained the following spells:

 Spells                   Type           Power      Damage    Failure   Level
 Animate Skeleton         Necr           0%         N/A       78%         1
 Apportation              Tloc           0%         N/A       78%         1
 Corona                   Hex            0%         N/A       78%         1
 Summon Small Mammal      Summ           0%         N/A       78%         1


Dungeon Overview and Level Annotations

Branches:
Dungeon (8/15)
 Temple: D:4-7         Lair: D:8-11

Altars:
Dithmenos
Hepliaklqana
Sif Muna

Shops:
D:3 :(

Annotations:
D:8 1 runed translucent door


Innate Abilities, Weirdness & Mutations

You are a tree.
Your roots penetrate the ground, keeping you stationary.
You cannot be teleported.
You are immune to unholy pain and torment.
Your maximum health is greatly increased.
Your equipment is partially melded.
You cannot wear most types of armour.
((You are amphibious.))
You can wear up to eight rings at the same time.
((Your skin changes colour to match your surroundings (Stealth+).))
((Your rubbery body absorbs attacks. (AC +1, EV +1)))
((You are camouflaged near water. (Stealth+)))
((You have tentacles for arms and can constrict up to eight enemies at once.))


Message History

A kobold demonologist comes into view. It is wielding a +0 dagger.
The jelly hits you but does no damage.
You hit the jelly.
Your branches burn!
* * * LOW HITPOINT WARNING * * *
The jelly is moderately wounded.
The kobold demonologist looks braver for a moment.
You block the jelly's attack.
Aiming: Corrosive Bolt
Press: ? - help, Shift-Dir - straight line, f - kobold demonologist
Aim: a kobold demonologist, wielding a +0 dagger and wearing a +0 robe (60% to hit)
The bolt of acid hits the jelly.
The jelly completely resists.
The jelly is moderately wounded.
The bolt of acid hits the kobold demonologist!
The kobold demonologist is splashed with acid.
The kobold demonologist is heavily wounded.
You block the jelly's attack.
It was a potion of haste.
You feel yourself speed up.
The kobold demonologist casts a spell.
You block the jelly's attack.
You hit the jelly.
Your branches burn!
* * * LOW HITPOINT WARNING * * *
The jelly is severely wounded.
You block the jelly's attack.
You barely miss the jelly.
The jelly is severely wounded.
The kobold demonologist miscasts a cantrip.
You block the jelly's attack.
Aiming: Corrosive Bolt
Press: ? - help, Shift-Dir - straight line, f/p - kobold demonologist
Aim: a kobold demonologist, wielding a +0 dagger and wearing a +0 robe (heavily wounded, 60% to hit)
The bolt of acid hits the jelly.
The jelly completely resists.
The jelly is severely wounded.
The bolt of acid hits the kobold demonologist!
The kobold demonologist is splashed with acid.
The acid corrodes the kobold demonologist!
The kobold demonologist is almost dead.
The now-empty wand crumbles to dust.
The jelly hits you.
* * * LOW HITPOINT WARNING * * *
You are splashed with acid!
You die...

#.≈ ...##.
#.≈.####.....
##+##.......#
...(........#
............#
?.......!...#
............###
#♣.......
.....FJ/[...###
#.#.#K#######
... #)# ... #.#
..


You could see a kobold demonologist (corroded), a bullfrog and a jelly.

Vanquished Creatures
  Pikel (D:4)
  Menkaure (D:4)
  A phantom (D:4)
  An ogre (D:4)
  A lemure (D:4)
  2 hounds
  2 orc priests
  Crazy Yiuf (D:4)
  An orc wizard (D:8)
  A hound skeleton (D:4)
  Robin (D:4)
  4 gnolls (D:4)
  4 adders (D:3)
  An ufetubus (D:7)
  3 dart slugs
  7 orcs
  A ball python (D:1)
  A bat (D:3)
  5 endoplasms
  2 giant cockroaches
  10 goblins
  6 hobgoblins
  8 jackals
  5 quokkas
  2 frilled lizards (D:3)
  9 kobolds
  5 rats
86 creatures vanquished.

Vanquished Creatures (others)
  19 plants
19 creatures vanquished.

Grand Total: 105 creatures vanquished

Notes
Turn   | Place    | Note
-------+----------+-------------------------------------------
     0 | D:1      | Ijustatesigmund the Octopode Fighter began the quest for
                  | the Orb.
     0 | D:1      | Reached XP level 1. HP: 16/16 MP: 1/1
   101 | D:1      | Reached XP level 2. HP: 21/21 MP: 2/2
   906 | D:2      | Reached XP level 3. HP: 26/26 MP: 3/3
  1659 | D:3      | Found Lividysch's Antique Weapon Boutique.
  1873 | D:3      | Found a faded altar of an unknown god.
  1963 | D:3      | Reached XP level 4. HP: 31/31 MP: 4/4
  2294 | D:3      | Found a hazy altar of Hepliaklqana.
  2399 | D:3      | Found Ven Duco's Book Shop.
  2832 | D:4      | Reached skill level 3 in Axes
  2832 | D:4      | Reached XP level 5. HP: 35/37 MP: 5/5
  2869 | D:4      | Noticed Pikel
  2869 | D:4      | Noticed a lemure
  2869 | D:4      | Noticed a lemure
  2869 | D:4      | Noticed a lemure
  2870 | D:4      | Noticed a lemure
  2873 | D:4      | Killed a lemure
  2878 | D:4      | Killed Pikel
  2879 | D:4      | Reached skill level 4 in Axes
  2879 | D:4      | Reached XP level 6. HP: 32/45 MP: 6/6
  2879 | D:4      | Reached XP level 7. HP: 35/49 MP: 7/7
  3014 | D:4      | Found a runed translucent door.
  3016 | D:4      | Noticed Crazy Yiuf
  3022 | D:4      | Killed Crazy Yiuf
  3186 | D:4      | Noticed Robin
  3193 | D:4      | Killed Robin
  3273 | D:4      | Reached skill level 5 in Shields
  3275 | D:4      | Reached skill level 5 in Fighting
  3275 | D:4      | Reached skill level 5 in Dodging
  3335 | D:4      | Found a shadowy altar of Dithmenos.
  3335 | D:4      | Found a shimmering blue altar of Sif Muna.
  3402 | D:4      | Noticed Menkaure
  3406 | D:4      | Killed Menkaure
  3407 | D:4      | Reached skill level 5 in Axes
  3505 | D:4      | Reached XP level 8. HP: 45/55 MP: 8/8
  3857 | D:4      | You fall into a shaft and drop 3 floors!
  3897 | D:7      | Reached skill level 6 in Axes
  3934 | D:8      | Found a runed translucent door.
  3938 | D:8      | Noticed a kobold demonologist
  3939 | D:8      | HP: 4/85 [acid (3)]
  3944 | D:8      | HP: 2/85 [jelly (1)]
  3944 | D:8      | Splashed by a jelly's acid

Illustrated notes

Levels and vault maps discovered:
D:1:      minmay_arrival_radiant_lines, layout_loops_ring
D:2:      layout_basic
D:3:      layout_basic, lemuel_doored_altar,
          ebering_ecumenical_altar_sacrificial, serial_shops, shop,
          nicolae_shop_waterfront, minmay_crystal_water, serial_bayou_lagoon_a
D:4:      layout_loops_ring, gammafunk_temple_overflow_wave,
          minmay_temple_entry_fiery, uniq_menkaure, uniq_pikel, uniq_robin,
          uniq_crazy_yiuf_cottage
D:7:      layout_rooms, grunt_temple_overflow_holy_war,
          nicolae_overflow_hidden_temple, hellmonk_bongcloud_opening,
          serial_bayou_pond_b, chequers_hall_statues_wall_a, minmay_fountain_box
D:8:      layout_basic, pdpol_wu_jian_five_deadly_venoms,
          minmay_lair_entry_grove, ebering_ghost_reflecting_pool, serial_shops,
          nicolae_shop_overgrown_old_shop, st_stairs_9, uniq_grum

Skill      XL: |  1  2  3  4  5  6  7  8 |
---------------+-------------------------+-----
Axes           | 3 4 5 6 |  6.0
Fighting       | 4 5 |  5.8
Dodging        | 4 5 |  5.0
Shields        | 4 5 |  5.0

Action                   |  1- 3 |  4- 6 |  7- 9 || total
-------------------------+-------+-------+-------++-------
Melee: War axe           |    42 |    29 |    66 ||   137
       Constrict         |    11 |     7 |    14 ||    32
       Tentacles         |     6 |     5 |    16 ||    27
Throw: Dart              |       |     2 |     2 ||     4
Evoke: Wand              |       |       |     5 ||     5
  Use: Scroll            |     4 |     1 |     7 ||    12
       Potion            |       |     1 |     4 ||     5
 Stab: Sleeping          |     3 |     3 |     2 ||     8
Armor: Skin              |     3 |     2 |     4 ||     9
Dodge: Dodged            |    16 |     6 |    26 ||    48
Block: Kite shield       |    15 |    26 |    79 ||   120
       Reflection        |       |       |     2 ||     2

Table legend: (Time is in decaauts)
 A = Elapsed time spent in this place.
 B = Non-inter-level travel time spent in this place.
 C = Inter-level travel time spent in this place.
 D = Time resting spent in this place.
 E = Time spent auto-exploring this place.
 F = Levels seen in this place.
 G = Mean time per level.
                   A        B        C        D        E       F      G
               +--------+--------+--------+--------+--------+-----+--------+
         Total |   4015 |   3926 |     89 |    663 |   2607 |   6 |  669.2 |
       Dungeon |   4015 |   3926 |     89 |    663 |   2607 |   6 |  669.2 |
               +--------+--------+--------+--------+--------+-----+--------+

Top non-repeatable levels by time:
     D:3: 1184 daAuts
     D:4: 1091 daAuts
     D:2: 883 daAuts
     D:1: 766 daAuts
     D:7: 78 daAuts
     D:8: 10 daAuts
